 Dungeon Crawl Stone Soup version 0.18.1-8-gdd0e5ea (webtiles) character file.

92 vonhedlund the Shooter (level 4, -1/33 HPs)
             Began as a High Elf Hunter on June 6, 2016.
             Slain by an orc wizard
             ... wielding a +0 dagger
              (2 damage)
             ... on level 3 of the Dungeon.
             The game lasted 00:12:32 (2382 turns).

vonhedlund the Shooter (High Elf Hunter)            Turns: 2382, Time: 00:12:33

Health: -1/33      AC:  3    Str: 12    XL:     4   Next: 35%
Magic:  5/5        EV: 12    Int: 14    God:
Gold:   44         SH:  0    Dex: 16    Spells: 0 memorised, 3 levels left

rFire  . . .     SeeInvis .     b - +0 short sword
rCold  . . .     Gourm    .     c - +0 leather armour
rNeg   . . .     Faith    .     (no shield)
rPois  .         Spirit   .     (no helmet)
rElec  .         Dismiss  .     (no cloak)
rCorr  .         Reflect  .     (no gloves)
SustAt .         Harm     .     (no boots)
MR     .....                    (no amulet)
Stlth  ++........               (no ring)
                                (no ring)

@: not resistant to hostile enchantments, unstealthy
A: no striking features
a: no special abilities


You were on level 3 of the Dungeon.
You were not hungry.

You visited 1 branch of the dungeon, and saw 3 of its levels.

You collected 44 gold pieces.

Inventory:

Hand Weapons
 a - a +1 shortbow
 b - a +0 short sword (weapon)
 j - a +0 hunting sling
Missiles
 d - 20 arrows
 l - 16 bolts
 r - 53 stones (quivered)
Armour
 c - a +0 leather armour (worn)
Jewellery
 e - an uncursed ring of magical power {unknown}
 n - an uncursed ring of positive energy {unknown}
 s - an uncursed ring of wizardry {unknown}
Scrolls
 h - a scroll of remove curse
 m - 3 scrolls of identify {unknown}
 t - a scroll of enchant weapon {unknown}
 u - a scroll of noise {unknown}
Potions
 g - a potion of agility
 k - a potion of haste {unknown}
 o - a potion of curing {unknown}
 p - a potion of cure mutation {unknown}
 q - a potion of flight {unknown}
Comestibles
 f - 2 bread rations
 w - 4 fruits


   Skills:
 - Level 4.3 Fighting
 + Level 1.3 Short Blades
 - Level 5.4 Bows
 - Level 2.2 Dodging
 - Level 1.1 Stealth


You had 3 spell levels left.
You didn't know any spells.

Dungeon Overview and Level Annotations

Branches:
Dungeon (3/15)

Altars:
Elyvilon
Yredelemnul
The Shining One

Annotations:
D:3 Terence


Message History

Firing (i - inventory. (,) - cycle):
d - 22 arrows (quivered)
Press: ? - help, Shift-Dir - straight line You shoot an arrow.
Something hits you but does no damage.
Firing (i - inventory. (,) - cycle):
d - 21 arrows (quivered)
Press: ? - help, Shift-Dir - straight line You shoot an arrow.
Something hits you but does no damage.
Wield which item (- for none, * to show all)? (? for menu, Esc to quit)
b - a +0 short sword (weapon)
You miss something. Something hits you.
* * * LOW HITPOINT WARNING * * *
You closely miss something. Something completely misses you.
You hit something. Something hits you.
* * * LOW HITPOINT WARNING * * *
You hit something. Something hits you.
* * * LOW HITPOINT WARNING * * *
You closely miss something. Something hits you.
* * * LOW HITPOINT WARNING * * *
You hit something. Something hits you but does no damage.
You closely miss something. Something hits you.
You die...

## .# ..# #. # #. #. ###.
##.# #≈≈.
...#...###############≈..
.(....({@....(...........
.#.....#############...♣.
##.... ##.... #.....
##≈.. .. ....### #≈≈.
#.).#..# ###. ##.###.# ##
#...#..# #
.......######r# #


There were no monsters in sight!

Vanquished Creatures
  2 adders (D:2)
  A dart slug (D:3)
  2 giant geckos
  4 orcs
  3 ball pythons
  3 bats
  4 giant cockroaches
  8 goblins
  6 hobgoblins
  5 jackals
  10 kobolds
  4 giant newts
  9 rats
61 creatures vanquished.

Vanquished Creatures (others)
  A quokka (D:3)
1 creature vanquished.

Grand Total: 62 creatures vanquished

Notes
Turn   | Place    | Note
--------------------------------------------------------------
     0 | D:1      | vonhedlund the High Elf Hunter began the quest for the Orb.
     0 | D:1      | Reached XP level 1. HP: 14/14 MP: 2/2
     1 | D:1      | Noticed an electric eel
   370 | D:1      | Reached XP level 2. HP: 19/20 MP: 3/3
   904 | D:1      | Reached XP level 3. HP: 19/26 MP: 4/4
  1609 | D:2      | Reached XP level 4. HP: 22/33 MP: 5/5
  1740 | D:2      | Found a glowing golden altar of the Shining One.
  1890 | D:3      | Found a basalt altar of Yredelemnul.
  2022 | D:3      | Noticed Terence
  2250 | D:3      | Reached skill level 1 in Short Blades
  2257 | D:3      | Found a white marble altar of Elyvilon.
  2380 | D:3      | HP: 1/33 [something (2)]
  2382 | D:3      | Slain by an orc wizard

Skill      XL: |  1  2  3  4 |
---------------+-------------+-----
Fighting       | 3 4 |  4.3
Short Blades   | 1 |  1.3
Bows           | |  5.4
Dodging        | |  2.2
Stealth        | |  1.1

Action                   |  1- 3 |  4- 6 || total
-------------------------+-------+-------++-------
Melee: Short sword       |   185 |    49 ||   234
 Fire: Shortbow          |    21 |    14 ||    35
  Use: Scroll            |     2 |       ||     2
 Stab: Distracted        |     1 |       ||     1
       Sleeping          |     1 |       ||     1
  Eat: Chunk             |     3 |     2 ||     5
Armor: Leather armour    |    70 |    13 ||    83
Dodge: Dodged            |   121 |    35 ||   156
